 Dungeon Crawl Stone Soup version 0.20.1-1-g8b1a95d (webtiles) character file.

24 karf the Caller (level 3, -4/20 HPs)
             Began as a Tengu Summoner on Oct 27, 2017.
             Killed from afar by Sigmund (7 damage)
             ... with a puff of flame
             ... on level 2 of the Dungeon.
             The game lasted 00:06:14 (1357 turns).

karf the Caller (Tengu Summoner)                    Turns: 1357, Time: 00:06:15

Health: -4/20      AC:  2    Str:  8    XL:     3   Next: 2%
Magic:  2/7        EV: 13    Int: 16    God:
Gold:   49         SH:  0    Dex: 14    Spells: 5/6 levels left

rFire    . . .     SeeInvis .   (no weapon)
rCold    . . .     Gourm    .   (no shield)
rNeg     . . .     Faith    .   a - +0 robe
rPois    .         Spirit   .   (helmet restricted)
rElec    .         Reflect  .   (no cloak)
rCorr    .         Harm     .   (no gloves)
MR       .....                  (boots unavailable)
Stlth    ++........             (no amulet)
Regen    0.1/turn               (no ring)
MPRegen  0.1/turn               (no ring)

@: no status effects
A: beak, talons 3
a: no special abilities


You were on level 2 of the Dungeon.
You were hungry.

You visited 1 branch of the dungeon, and saw 2 of its levels.

You collected 49 gold pieces.

Inventory:

Armour
 a - a +0 robe (worn)
Scrolls
 h - a scroll of enchant weapon {unknown}
Potions
 d - 2 potions of brilliance {unknown}
 e - a potion of lignification {unknown}
 f - a potion of flight {unknown}
 g - 3 potions of curing {unknown}
Books
 b - a book of Callings

   Spells                             Type                      Level
   a - Summon Small Mammal            Summoning                    1
   b - Call Imp                       Summoning                    2
   c - Call Canine Familiar           Summoning                    3
   d - Summon Guardian Golem          Hexes/Summoning              3
   e - Summon Lightning Spire         Summoning/Air                4
   f - Summon Ice Beast               Ice/Summoning                4
Comestibles
 c - a bread ration


   Skills:
 + Level 0.6 Fighting
 + Level 2.4 Dodging
 - Level 2.0 Stealth
 + Level 2.2 Spellcasting
 * Level 5.4 Summonings


You had 5 spell levels left.
You knew the following spells:

 Your Spells              Type           Power        Failure   Level  Hunger
a - Summon Small Mammal   Summ           ###.         2%          1    #......


Dungeon Overview and Level Annotations

Branches:
Dungeon (2/15)

Altars:

Annotations:
D:2 Sigmund


Innate Abilities, Weirdness & Mutations

You have a beak for a mouth.
You have claws for feet.


Message History

A magic dart appears from out of thin air!
The magic dart hits your rat.
Your rat dies!
Your rat's corpse disappears in a puff of smoke!
You hear a zap.
You hear a grinding noise.
Your rat disappears in a puff of smoke!
Unknown command.
Casting: Summon Small Mammal
Confirm with . or Enter, or press ? or * to list all spells.
You swap places.
You see here a stone.
You see here a stone.
Things that are here:
2 stones; a bat corpse You start resting.
Your quokka bites Sigmund.
Sigmund is no longer unusually resistant.
Sigmund points at you and mumbles some strange words.
The puff of flame misses your quokka. The puff of flame hits you!
You die...

#.##......##.#§##.##
#.##......## #..#..
#.##......# ##.#.#
#.##......# #.#.#
#.##†.....# #...#
#..(.@.(.(######..#
####r#####........#
#.# #.####...# #@#
#.# #...# #.# #.#
#..># #.# #.# #.#.#
#.# #.# #.#.# #[#
#.# #.#.# #.# #.#
#.#.# #.# #.# #..


You could see Sigmund and a friendly quokka.

Vanquished Creatures
  A bat (D:1)
  A hobgoblin (D:1)
  A kobold (D:1)
3 creatures vanquished.

Vanquished Creatures (collateral kills)
  2 dart slugs
  A leopard gecko (D:2)
  4 hobgoblins
  4 jackals (D:1)
  3 bats
  4 frilled lizards (D:1)
  2 goblins (D:1)
  3 kobolds
  4 rats (D:1)
27 creatures vanquished.

Grand Total: 30 creatures vanquished

Notes
Turn   | Place    | Note
-------+----------+-------------------------------------------
     0 | D:1      | karf the Tengu Summoner began the quest for the Orb.
     0 | D:1      | Reached XP level 1. HP: 10/10 MP: 4/4
   130 | D:1      | Reached skill level 5 in Summonings
   427 | D:1      | Reached XP level 2. HP: 16/16 MP: 0/6
  1290 | D:2      | Noticed Sigmund
  1312 | D:2      | Reached XP level 3. HP: 13/20 MP: 0/7
  1318 | D:2      | HP: 1/20 [something (12)]
  1357 | D:2      | Killed from afar by Sigmund

Skill      XL: |  1 |
---------------+----+-----
Summonings     | 5 |  5.4
Fighting       | |  0.6
Dodging        | |  2.4
Stealth        | |  2.0
Spellcasting   | |  2.2

Action                   || total
-------------------------++-------
Melee: Unarmed           ||    13
       Peck              ||     3
       Kick              ||     1
 Cast: Summon Small Mamm ||    83
 Stab: Distracted        ||     1
       Sleeping          ||     1
  Eat: Chunk             ||     2
Armor: Robe              ||    10
Dodge: Dodged            ||    32
